Match 42482188
Unlisted

Match 42482188
End
Kradschützen Motorcycle Team
Panzergrenadier Squad
Selects Panzerjäger Kommand Battlegroup
Selects Mine Fields
Panzergrenadier Squad
Construct Light Support Kompanie
MG34 Team
Assault Grenadier Squad
Fire Support Elements
Flakvierling Half-track
Selects Defensive Positions
Selects Tank Busters
Construct Mechanized Kompanie
Panzerpioneer Squad
254 Reconnaissance Tractor
Advanced Field Repairs
Selects Butterfly Bomb Drop
Marder III Tank Destroyer
Butterfly Bomb Drop
Panzergrenadier Squad
Tungsten Core Ammunition
2.5-tonne Medical Truck
Butterfly Bomb Drop
Selects Crew Shock Tactics
Construct Panzerarmee Kommand
Panzer III L Medium Tank
Butterfly Bomb Drop
Vehicle Survival Package
Panzer III L Medium Tank
Selects Anti-tank Overwatch
Emergency Repair Kits
Panzer III L Medium Tank
Anti-tank Overwatch
Butterfly Bomb Drop
Advanced Optics
2.5-tonne Medical Truck
Anti-tank Overwatch
Panzer III L Medium Tank
Crew Shock Tactics
Butterfly Bomb Drop
18-tonne Recovery Half-track
Butterfly Bomb Drop
Panzer III L Medium Tank
Veteran Squad Leaders
Butterfly Bomb Drop
Panzer III L Medium Tank
Anti-tank Overwatch
Honey
khj
Zebra
스팀계정족같네
WWWWWWWW
subbbb
..::AlKaiDa::..
Mr. Demiks
0
0

Comments sign in to comment!

No comments posted yet!